 Dungeon Crawl Stone Soup version 0.30-a0-738-g116ff8c4af (webtiles) character file.

Game seed: 10974824932050080186

174 kae the Insei (level 5, -4/39 HPs)
             Began as a Demigod Transmuter on Feb 3, 2023.
             Slain by a black bear (5 damage)
             ... on level 4 of the Dungeon.
             The game lasted 00:02:29 (3000 turns).

kae the Insei (Demigod Transmuter)                  Turns: 3000, Time: 00:02:29

Health: -4/39      AC:  2    Str: 11    XL:     5   Next: 7%
Magic:  8/11       EV: 19    Int: 19    God:
Gold:   118        SH:  5    Dex: 19    Spells: 3/9 levels left

rFire   . . .      SeeInvis .      - Unarmed
rCold   . . .      Faith    .    (shield currently unavailable)
rNeg    . . .      Spirit   .    (body armour currently unavailable)
rPois   x          Reflect  +    (helmet currently unavailable)
rElec   .          Harm     .    (cloak currently unavailable)
rCorr   .          Rampage  .    (gloves currently unavailable)
Will    .....                    (boots currently unavailable)
Stlth   ++                       j - amulet of reflection
HPRegen 0.26/turn                (no ring)
MPRegen 0.12/turn                (no ring)

@: spider-form
A: venomous fangs, tiny, high MP 1, forlorn, divine attributes
a: End Transformation


You were on level 4 of the Dungeon.
You were a venomous arachnid creature.
You visited 1 branch of the dungeon, and saw 4 of its levels.

You collected 118 gold pieces.


Innate Abilities, Weirdness & Mutations

You are a venomous arachnid creature.
You have venomous fangs.
You are tiny and dextrous.
Your spellcasting is less reliable in this form.
Your armour is entirely melded.
You are incapable of wielding weapons or throwing items.
You have an increased reservoir of magic. (+10% MP)
You shall have no god before yourself.
Your divine heritage dramatically boosts your attributes as you level up.


   Skills:
 - Level 0.8 Fighting
 - Level 1.7 Dodging
 + Level 3.4 Unarmed Combat
 + Level 2.5 Spellcasting
 * Level 3.4 Transmutations
 * Level 1.9 Poison Magic


You had 3 spell levels left.
You knew the following spells:

 Your Spells              Type           Power      Damage    Failure   Level
a - Beastly Appendage     Tmut           30%        N/A       13%         1
b - Wereblood             Tmut           15%        N/A       17%         2
c - Spider Form           Tmut/Pois      12%        N/A       34%         3

Your spell library contained the following spells:

 Spells                   Type           Power      Damage    Failure   Level
 Foxfire                  Conj/Fire      8%         2x1d4     34%         1
 Ice Form                 Ice/Tmut       8%         N/A       82%         4
 Fireball                 Conj/Fire      1%         3d3       100%        5
 Starburst                Conj/Fire      1%         6d3       100%        6

Inventory:

Hand Weapons
 d - a +0 vampiric dagger (melded)
   (You took it off a goblin on level 1 of the Dungeon)
Missiles
 e - 14 stones
 f - 6 silver javelins
 g - 4 boomerangs
 p - 3 poisoned darts
Armour
 a - a +0 robe (melded)
 o - a +1 cloak (melded)
   (You found it on level 3 of the Dungeon)
Magical Staves
 k - a staff of fire {!a}
   (You found it on level 2 of the Dungeon)
Jewellery
 j - an amulet of reflection (around neck)
   (You found it on level 1 of the Dungeon)
Wands
 n - a wand of flame (12)
   (You found it on level 3 of the Dungeon)
Scrolls
 m - a scroll of torment {!r}
 r - a scroll of blinking {!r}
Potions
 b - a potion of lignification {!q}
 c - 3 potions of curing {unknown}
 i - a potion of resistance
 l - a potion of attraction {unknown}
 q - a potion of haste {unknown}

Dungeon Overview and Level Annotations

Branches:
Dungeon (4/15) Zot: 21000
 Temple: D:4-7

.............#......#
.............#......#
.............#......#
.............'......#
####...#######......#
...#...##...#.......#
...#........'.......#
...#........#...)...#
...#........#...so..#
<..#........#....h......
...#....^...#...........
...#'####...#...........
......###...########....
......#.......# ....
......#.......# ...
......#.......# ..
......#########


You could see a black bear (berserk, extremely poisoned) and an orc.


Message History

You lost 3 mp, and now have 4/10 mp.
You hit the hound. The hound misses you.
You closely miss the hound. You block the hound's attack.
The hound barely misses you.
A hound is nearby!
You hit the hound.
The hound is poisoned.
The hound closely misses you.
You hit the hound.
The hound looks as sick as possible!
You kill the hound!
You have reached level 5! 😎 HP[+5]
You now have 39 max hp (+5).
Your hp is fully restored (39).
Your transformation is almost over.
Your magical contamination has completely faded away. 😎 MP[+1]
Your transformation has ended.
Your +0 vampiric dagger unmelds from your body.
Your +1 cloak unmelds from your body.
Your +0 robe unmelds from your body.
You feel a sense of dread. 😎 MP[+1]
There is an open door here.
There is an open door here.
As you open the door, it creaks loudly! 😎 MP[+5]
Your mp is fully restored (11).
Unknown command.
There is an open door here.
Found an escape hatch in the ceiling.
There is an open door here.
There is an open door here.
A goblin comes into view. It is wielding a +0 club.
A goblin is nearby!
A goblin is nearby!
A goblin is nearby!
The goblin shouts!
A black bear comes into view.
Casting: Spider Form (quite dangerous; 16% risk of failure)
Confirm with . or Enter, or press ? or * to list all spells.
You grow a pair of large bovine horns.
Your feet morph into talons.
The black bear growls angrily.
An orc comes into view. It is wielding a +0 falchion. 😎 MP[-1]
You lost 1 mp, and now have 10/11 mp.
The orc shouts!
You hit the goblin but do no damage. Your kick misses the goblin.
You headbutt the goblin. The goblin closely misses you.
You barely miss the goblin. You claw the goblin.
You kill the goblin!
There are monsters nearby!
You hit the black bear. The black bear bites you.
The black bear claws you. x2 😮 HP[-10]
You take 10 damage, and now have 29/39 hp.
MASSIVE DAMAGE!! (PAUSE)
Casting: Beastly Appendage (safe; 4% risk of failure)
Confirm with . or Enter, or press ? or * to list all spells.
The spell is quite dangerous to miscast (16% risk of failure)!
Continue anyway? [Y]es or [N]o only, please.
The spell is quite dangerous to miscast (16% risk of failure)!
Continue anyway?
Your horns disappear.
Your talons disappear.
You turn into a venomous arachnid creature.
Your +0 vampiric dagger melds into your body.
Your +1 cloak melds into your body.
Your +0 robe melds into your body.
You feel the dreadful sensation subside.
The black bear bites you. The black bear barely misses you.
You block the black bear's attack. 😮 HP[-2] MP[-3]
You take 2 damage, and now have 27/39 hp.
You lost 3 mp, and now have 7/11 mp.
Unknown command.
You hit the black bear.
The black bear is poisoned.
The orc barely misses you.
You block the black bear's attack. x2; The black bear misses you. 😮 MP[+1]
You hit the black bear.
The black bear looks as sick as possible!
The orc misses you. The black bear bites you.
The black bear barely misses you. x2 😮 HP[-5]
You take 5 damage, and now have 22/39 hp.
Unknown command.
You hit the black bear but do no damage.
The black bear looks as sick as possible!
The orc completely misses you. The black bear bites you!
* * * LOW HITPOINT WARNING * * *
The black bear closely misses you. The black bear misses you. 😨 HP[-8]
You take 8 damage, and now have 14/39 hp.
MASSIVE DAMAGE!! (PAUSE)
You hit the black bear but do no damage.
The black bear looks as sick as possible!
The orc hits you with a +0 falchion.
* * * LOW HITPOINT WARNING * * *
The black bear goes berserk! 😨 HP[-4]
You take 4 damage, and now have 10/39 hp.
You hit the black bear but do no damage.
The black bear closely misses you. The black bear claws you.
* * * LOW HITPOINT WARNING * * *
The black bear completely misses you. The orc completely misses you.
The black bear bites you!
* * * LOW HITPOINT WARNING * * *
The black bear claws you.
You die...

Skill      XL: |  1  2  3  4 |
---------------+-------------+-----
Transmutations | 2 3 |  3.4
Spellcasting   | 2 |  2.5
Unarmed Combat | 3 |  3.4
Poison Magic   | 1 |  1.9
Fighting       | |  0.8
Dodging        | |  1.7

Action                     |  1- 3 |  4- 6 || total
---------------------------+-------+-------++-------
  Melee: Dagger            |   123 |    33 ||   156
         Unarmed           |    12 |    22 ||    34
         Kick              |    27 |     6 ||    33
         Headbutt          |    11 |     5 ||    16
         Punch             |     3 |       ||     3
   Cast: Beastly Appendage |    26 |     5 ||    31
         Spider Form       |     1 |     4 ||     5
    Use: Scroll            |     6 |     3 ||     9
   Stab: Sleeping          |     2 |       ||     2
 Armour: Robe              |    17 |     8 ||    25
         Skin              |     1 |     1 ||     2
  Dodge: Dodged            |    85 |    33 ||   118
  Block: Other             |    20 |     5 ||    25

Levels and vault maps discovered:
D:1:      lemuel_arrival_cross, layout_loops_ring,
          ebering_ecumenical_altar_petrified
D:2:      layout_basic
D:3:      layout_loops_ring, kiku_gazebo_pond_becter, tso_oasis_becter,
          bh_walls_and_bars
D:4:      layout_gridville, marbit_many_paths,
          yredelemnul_forgotten_temple_becter,
          mainiacjoe_overflow_surrounded_room, zin_purify

Notes
Turn   | Place    | Note
-------+----------+-------------------------------------------
     0 | D:1      | kae the Demigod Transmuter began the quest for the Orb.
     0 | D:1      | Reached XP level 1. HP: 15/15 MP: 5/5
     0 | D:1      | magus.rc [v1.11.3]
    60 | D:1      | Reached skill level 2 in Transmutations
   243 | D:1      | Reached skill level 2 in Spellcasting
   243 | D:1      | Reached XP level 2. HP: 6/22 MP: 5/7
   298 | D:1      | You pick up a book of Fire and begin reading...
   298 | D:1      | You add the spells Foxfire, Fireball and Starburst to your
                  | library.
   498 | D:1      | Learned a level 2 spell: Wereblood
   656 | D:1      | Reached skill level 3 in Unarmed Combat
  1106 | D:2      | Reached XP level 3. HP: 24/27 MP: 6/8
  1110 | D:2      | Learned a level 3 spell: Spider Form
  1812 | D:3      | Reached skill level 1 in Poison Magic
  2229 | D:3      | Reached XP level 4. HP: 34/34 MP: 10/10
  2295 | D:3      | Reached skill level 3 in Transmutations
  2904 | D:4      | Reached XP level 5. HP: 39/39 MP: 4/11
  2988 | D:4      | Noticed a black bear
  3000 | D:4      | HP: 8/39 [black bear (2)]
  3000 | D:4      | HP: 1/39 [black bear (7)]
  3000 | D:4      | Slain by a black bear

Vanquished Creatures
  A hound (D:4)
  An orc wizard (D:4)
  3 adders
  4 gnolls
  A worm (D:2)
  5 bats
  3 endoplasms
  A giant cockroach (D:1)
  5 goblins
  8 hobgoblins
  3 jackals (D:3)
  4 kobolds
  4 quokkas
  2 ball pythons
  A frilled lizard (D:2)
  3 rats
49 creatures vanquished.

Vanquished Creatures (others)
  2 withered plants (D:1)
2 creatures vanquished.

Grand Total: 51 creatures vanquished

Table legend:
 A = Non-vault XP
 B = Vault XP
 C = Vault XP percentage of total XP
 D = Non-vault monster count
 E = Vault monster count
 F = Vault count percentage of total count
                 A         B        C        D         E       F
            +---------+---------+-------+---------+---------+-------
      Total |     213 |      36 |  14.5 |      48 |       1 |   2.0
            +---------+---------+-------+---------+---------+-------
        D:1 |      40 |       0 |   0.0 |      15 |       0 |   0.0
        D:2 |      32 |       0 |   0.0 |      11 |       0 |   0.0
        D:3 |      52 |       0 |   0.0 |      15 |       0 |   0.0
        D:4 |      89 |      36 |  28.8 |       7 |       1 |  12.5
            +---------+---------+-------+---------+---------+-------

Illustrated notes

Table legend:
 A = Kills in this place as a percentage of kills in entire the game.
 B = Kills by you in this place as a percentage of kills by you in the entire game.
 C = Kills by friends in this place as a percentage of kills by friends in the entire game.
 D = Other kills in this place as a percentage of other kills in the entire game.
 E = Experience gained in this place as a percentage of experience gained in the entire game.
 F = Experience gained in this place divided by the number of levels of this place that you have seen.
                   A       B       C       D       E      F
               +-------+-------+-------+-------+-------+----------------------
         Total | 100.0 | 100.0 |   N/A |   N/A | 100.0 |  62.2
       Dungeon | 100.0 | 100.0 |   N/A |   N/A | 100.0 |  62.2
               +-------+-------+-------+-------+-------+----------------------

Table legend: (Time is in decaauts)
 A = Elapsed time spent in this place.
 B = Non-inter-level travel time spent in this place.
 C = Inter-level travel time spent in this place.
 D = Time resting spent in this place.
 E = Time spent auto-exploring this place.
 F = Levels seen in this place.
 G = Mean time per level.
                   A        B        C        D        E       F      G
               +--------+--------+--------+--------+--------+-----+--------+
         Total |   2999 |   2909 |     90 |    170 |   2231 |   4 |  749.8 |
       Dungeon |   2999 |   2909 |     90 |    170 |   2231 |   4 |  749.8 |
               +--------+--------+--------+--------+--------+-----+--------+

Top non-repeatable levels by time:
     D:1: 937 daAuts
     D:3: 913 daAuts
     D:2: 840 daAuts
     D:4: 308 daAuts
